 Dungeon Crawl Stone Soup version 0.31-a0-640-g39d97e502b (webtiles) character file.

Game seed: 11438660687864172621

1995 MacCMillion the Arsonist (level 9, -5/51 HPs)
             Began as a Deep Elf Fire Elementalist on Aug 28, 2023.
             Was a Follower of Vehumet.
             Slain by an orc warrior
             ... wielding a +0 war axe
              (15 damage)
             ... in a bailey.
             The game lasted 00:14:38 (6370 turns).

MacCMillion the Arsonist (DEFE)                     Turns: 6370, Time: 00:14:39

Health: -5/51      AC:  4    Str:  5    XL:     9   Next: 1%
Magic:  23/29      EV: 14    Int: 25    God:    Vehumet [*.....]
Gold:   436        SH:  0    Dex: 15    Spells: 10/20 levels left

rFire   . . .        s - +12 falchion "Fyexigu" {heavy, rC++}
rCold   + + .        (no shield)
rNeg    + . .        B - +0 robe {rN+}
rPois   .            (no helmet)
rElec   .            f - +0 cloak
rCorr   .            (no gloves)
SInv    .            C - +0 pair of boots
Will    .....        (no amulet)
Stlth   ++           n - ring of magical power
HPRegen 0.28/turn    g - ring of flight
MPRegen 0.21/turn

%: no passive effects
@: flying
A: no striking features
a: Renounce Religion


You were in a bailey.
You worshipped Vehumet.
Vehumet was aware of your devotion.
You visited 2 branches of the dungeon, and saw 8 of its levels.
You also visited: Bailey.

You collected 436 gold pieces.

Inventory:

Hand Weapons
 h - a +0 dagger
 s - the +12 falchion "Fyexigu" (weapon) {heavy, rC++}
   (You found it on level 3 of the Dungeon)

   rC++:      It greatly protects you from cold.
Armour
 f - a +0 cloak (worn)
 B - a +0 robe of positive energy (worn)
 C - a +0 pair of boots (worn)
Magical Staves
 v - a staff of fire
Jewellery
 g - a ring of flight (right hand)
 n - a ring of magical power (left hand)
 q - a ring of positive energy
Scrolls
 a - a scroll of brand weapon {unknown}
 c - a scroll of fog {unknown}
 d - a scroll of vulnerability {unknown}
 e - 3 scrolls of amnesia {unknown}
 j - 2 scrolls of immolation {unknown}
 l - 3 scrolls of identify {unknown}
 r - 5 scrolls of teleportation {unknown}
 u - a scroll of noise {unknown}
 w - a scroll of blinking {unknown}
 y - 3 scrolls of fear {unknown}
 z - a scroll of enchant armour {unknown}
Potions
 b - 2 potions of magic
 i - 2 potions of curing {unknown}
 k - a potion of haste {unknown}
 m - 2 potions of mutation {unknown}
 o - a potion of enlightenment {unknown}
 p - 2 potions of degeneration {unknown}
 t - 3 potions of might {unknown}
 x - 3 potions of ambrosia {unknown}
 A - a potion of attraction {unknown}


   Skills:
 + Level 3.3 Fighting
 + Level 5.7 Dodging
 - Level 2.4 Stealth
 + Level 6.2 Spellcasting
 - Level 5.0 Conjurations
 + Level 9.3 Fire Magic


You had 10 spell levels left.
You knew the following spells:

 Your Spells              Type           Power      Damage    Failure   Level
a - Foxfire               Conj/Fire      100%       2x1d9     1%          1
b - Scorch                Fire           100%       2d9       1%          2
c - Volatile Blastmotes   Fire/Tloc      62%        2d15      3%          3
d - Flame Wave            Conj/Fire      43%        2d11      3%          4

Your spell library contained the following spells:

 Spells                   Type           Power      Damage    Failure   Level
 Static Discharge         Conj/Air       40%        2-4/arc   4%          2
 Inner Flame              Hex/Fire       31%        N/A       3%          3
 Apportation              Tloc           14%        N/A       8%          1
 Necrotise                Necr           28%        1d5       8%          1
 Sandblast                Erth           14%        2d6       8%          1
 Summon Small Mammal      Summ           28%        N/A       8%          1
 Stone Arrow              Conj/Erth      40%        3d9       8%          3
 Passwall                 Tmut/Erth      5%         N/A       11%         2
 Animate Armour           Summ/Erth      14%        N/A       58%         4
 Petrify                  Tmut/Erth      7%         N/A       58%         4
 Agony                    Necr           7%         N/A       90%         5
 Leda's Unmaking          Conj/Erth      10%        9d2       99%         6


Dungeon Overview and Level Annotations

Branches:
Dungeon (7/15)             Temple (1/1) D:4          Bailey (1/1)

Altars:
Ashenzari
Cheibriados
Dithmenos
Elyvilon
Fedhas
Gozag
Hepliaklqana
Kikubaaqudgha
Makhleb
Nemelex Xobeh
Okawaru
Qazlal
Ru
Sif Muna
Trog
Uskayaw
Vehumet
Wu Jian
Xom
Yredelemnul
Zin
The Shining One

Shops:
D:2 =   D:3 *   D:6 :


Message History

Confirm with . or Enter, or press ? or * to list all spells.
Flames lash the hobgoblin.
You kill the hobgoblin!
Vehumet accepts your kill.
You hear a shout!
Casting: Scorch (safe; 1% risk of failure)
Confirm with . or Enter, or press ? or * to list all spells.
Flames lash the goblin.
You kill the goblin!
Vehumet accepts your kill.
Vehumet offers you knowledge of Static Discharge.
The orc warrior hits you with a +0 war axe!
You conjure some foxfire!
The orc warrior hits you with a +0 war axe!
Your foxfire dissipates!
The foxfire hits the orc warrior.
The orc warrior is lightly wounded.
You are too injured to fight recklessly!
Unknown command.
Casting: Foxfire (safe; 1% risk of failure)
Confirm with . or Enter, or press ? or * to list all spells.
You conjure some foxfire!
The orc warrior misses you.
The orc warrior hits your foxfire with a +0 war axe!
Casting: Foxfire (safe; 1% risk of failure)
Confirm with . or Enter, or press ? or * to list all spells.
You conjure some foxfire!
The foxfire hits the orc warrior.
The orc warrior is moderately wounded.
The foxfire hits the orc warrior.
The orc warrior is heavily wounded.
The orc warrior hits you with a +0 war axe!
* * * LOW HITPOINT WARNING * * *
The orc warrior closely misses your foxfire.
Unknown command.
The foxfire hits the orc warrior but does no damage.
The orc warrior is heavily wounded.
The foxfire hits the orc warrior but does no damage.
The orc warrior is heavily wounded.
The orc warrior attacks as it pursues you!
The orc warrior hits you with a +0 war axe!
You die...

###.....###♣.♣....♣♣
##.........##.......♣
#...).......#.......♣♣
#...........'........♣
#....)⌠.....'..∩.∩...♣
#...........'.......♣♣
#....§§.....#........♣
###..)......##......♣♣♣
###.###g.o@.###♣♣......♣
#.g...#g#.### ♣♣...♣♣♣
.....))g### ♣♣♣♣♣
.........# ....o....#
...⌠.....# .........#
.........# ....o...##


You could see an orc warrior, a gnoll and a goblin.

Vanquished Creatures
  Grinder (D:3)
  Sigmund (D:5)
  2 water moccasins (D:6)
  An orc warrior (D:7)
  An ice beast (D:5)
  2 ogres (D:6)
  A centaur (D:7)
  2 phantoms (D:5)
  2 bullfrogs
  A gnoll sergeant (D:6)
  2 scorpions (D:5)
  3 howler monkeys (D:7)
  A jelly (D:6)
  A gnoll bouda (D:6)
  A hound (D:5)
  Terence (D:2)
  2 iguanas
  8 gnolls (D:6)
  7 adders
  2 ufetubi
  A worm (D:2)
  A dart slug (D:3)
  18 orcs
  4 endoplasms
  6 giant cockroaches
  8 goblins
  9 hobgoblins
  4 kobolds
  2 quokkas (D:2)
  10 ball pythons
  A bat (D:3)
  3 frilled lizards
  6 rats
115 creatures vanquished.

Vanquished Creatures (others)
  416 foxfires
416 creatures vanquished.

Grand Total: 531 creatures vanquished

Notes
Turn   | Place    | Note
-------+----------+-------------------------------------------
     0 | D:1      | MacCMillion the Deep Elf Fire Elementalist began the quest
                  | for the Orb.
     0 | D:1      | Reached XP level 1. HP: 10/10 MP: 6/6
   275 | D:1      | Reached XP level 2. HP: 15/15 MP: 5/8
   688 | D:2      | Learned a level 2 spell: Scorch
   981 | D:2      | Noticed Terence
  1005 | D:2      | Killed Terence
  1006 | D:2      | Reached skill level 4 in Fire Magic
  1006 | D:2      | Reached XP level 3. HP: 19/19 MP: 0/9
  1198 | D:2      | Found Sokita's Jewellery Shop.
  1485 | D:2      | Reached XP level 4. HP: 24/24 MP: 4/10
  2016 | D:3      | Reached skill level 5 in Fire Magic
  2256 | D:3      | Noticed Grinder
  2261 | D:3      | Killed Grinder
  2262 | D:3      | Reached skill level 7 in Fire Magic
  2262 | D:3      | Reached XP level 5. HP: 28/28 MP: 11/11
  2262 | D:3      | Reached XP level 6. HP: 32/32 MP: 12/12
  2345 | D:3      | Identified the +12 falchion "Fyexigu" {heavy, rC++}
  2429 | D:3      | Found Wuipyz's Assorted Antiques.
  2623 | D:4      | Found a sacrificial altar of Ru.
  2635 | D:4      | Found an ornate altar of the Wu Jian Council.
  2797 | D:4      | Learned a level 3 spell: Volatile Blastmotes
  2802 | D:4      | Learned a level 4 spell: Flame Wave
  2951 | D:4      | Found a staircase to the Ecumenical Temple.
  2959 | Temple   | Entered the Ecumenical Temple
  2978 | Temple   | Became a worshipper of Vehumet
  3446 | D:5      | Entered Level 5 of the Dungeon
  3546 | D:5      | Noticed Sigmund
  3896 | D:5      | Reached skill level 8 in Fire Magic
  3936 | D:5      | Reached XP level 7. HP: 37/37 MP: 13/13
  4259 | D:5      | Reached skill level 1 in Fighting
  4466 | D:5      | Killed Sigmund
  4607 | D:6      | Reached XP level 8. HP: 44/44 MP: 16/16
  4608 | D:6      | Got the Essays on the Sinister Fault
  4723 | D:6      | Reached skill level 5 in Spellcasting
  4833 | D:6      | Identified the +0 scale mail of the Unbroken {-Tele rPois
                  | rN+ Str+3}
  4912 | D:6      | Found Gotol's Book Boutique.
  5048 | D:6      | Reached * piety under Vehumet
  5048 | D:6      | Offered knowledge of Magic Dart by Vehumet.
  5564 | D:6      | Reached skill level 5 in Dodging
  5876 | D:7      | Reached skill level 9 in Fire Magic
  5879 | D:7      | Reached skill level 5 in Conjurations
  6074 | D:7      | Reached XP level 9. HP: 45/51 MP: 20/20
  6114 | D:7      | Found a flagged portal.
  6125 | Bailey   | Entered a bailey
  6365 | Bailey   | Offered knowledge of Static Discharge by Vehumet.
  6370 | Bailey   | Slain by an orc warrior

Illustrated notes

Levels and vault maps discovered:
D:1:      pf_arrival_petrified_forest, layout_rooms
D:2:      minmay_general_purpose_star, layout_basic, serial_shops,
          nicolae_shop_statue_plus, minmay_close_crescents, uniq_terence
D:3:      layout_rooms, serial_shops, nicolae_shop_real_fake_doors,
          chequers_serial_rivers_micro_e, uniq_grinder
D:4:      layout_loops_cross, amethyst_overflow_temple_binary,
          minmay_temple_entry_trees
D:5:      layout_loops_ring, uniq_sigmund
D:6:      layout_basic, serial_shops, shop, uniq_menkaure
D:7:      layout_loops_corners, serial_shops, shop, enter_bailey_2
Temple:   nicolae_temple_slightly_damp_pantheon
Bailey:   bailey_axe_minmay_hex_keep, bailey

Skill      XL: |  1  2  3  4  5  6  7  8 |
---------------+-------------------------+-----
Conjurations   | 2 3 4 5 |  5.0
Fire Magic     | 4 7 8 9 |  9.3
Dodging        | 4 5 |  5.7
Fighting       | 2 3 |  3.3
Spellcasting   | 4 6 |  6.2
Stealth        | |  2.4

Action                     |  1- 3 |  4- 6 |  7- 9 || total
---------------------------+-------+-------+-------++-------
   Cast: Foxfire           |    66 |    71 |   105 ||   242
         Scorch            |     3 |    11 |    28 ||    42
 Armour: Robe              |     1 |       |     1 ||     2
  Dodge: Dodged            |     6 |     4 |     9 ||    19

Table legend: (Time is in decaauts)
 A = Elapsed time spent in this place.
 B = Non-inter-level travel time spent in this place.
 C = Inter-level travel time spent in this place.
 D = Time resting spent in this place.
 E = Time spent auto-exploring this place.
 F = Levels seen in this place.
 G = Mean time per level.
                   A        B        C        D        E       F      G
               +--------+--------+--------+--------+--------+-----+--------+
         Total |   6368 |   5881 |    487 |   1472 |   3118 |   9 |  707.6 |
       Dungeon |   6084 |   5633 |    451 |   1272 |   3118 |   7 |  869.1 |
        Temple |     38 |      2 |     36 |      0 |      0 |   1 |   38.0 |
        Bailey |    244 |    244 |      0 |    200 |      0 |   1 |  244.0 |
               +--------+--------+--------+--------+--------+-----+--------+

Top non-repeatable levels by time:
     D:2: 1176 daAuts
     D:6: 1158 daAuts
     D:4: 1131 daAuts
     D:5: 982 daAuts
     D:1: 683 daAuts
     D:3: 651 daAuts
     D:7: 300 daAuts
  Bailey: 244 daAuts
  Temple: 38 daAuts
